Workbook

Sheet CUADRO RES.FRO.  MR-04 AGOSTO
A4: MUNICIPIO DE: PROGRESO DE OBREGON, HGO.
A6: CUADRO RESUMEN DE LA SITUACIÓN FINANCIERA
A8: ° Nota: anexar papel de trabajo de cómo se integran las cuentas Deudoras y Acreedoras | J8: 42583
C10: CUENTAS DE RESULTADOS | H10: CUENTAS DE BALANCE
A11: FUENTE DE FINANCIAMIENTO | B11: APROBADO / MODIFICADO ANUAL | C11: INGRESOS Y OTROS BENEFICIOS ACUMULADOS | D11: INTERESES GENERADOS ACUMULADOS | E11: GASTOS Y OTRAS PÉRDIDAS ACUMULADOS | F11: % | G11: POR EROGAR (D) | H11: SALDOS EN CAJA Y BANCOS (A) | I11: ° DEUDORAS DE ACTIVO (B) | J11: ° ACREEDORAS DE PASIVO ( C ) | K11: DIFERENCIA A+B-C = D | L11: AVANCE %
L12: FIN.
A13: ING. PROPIOS | G13: =C13-E13 -> 0
A14: Impuestos | B14: 1926000 | C14: 2761116.6 | E14: 4702593.5 | G14: =+C14-E14+C15+C16+D16+C17 -> 159043.17 | H14: 140053.23 | I14: ='CTAS DEUDORAS Y ACREEDORAS OCTU'!E23 -> 24540.54 | J14: 0 | K14: =+H14+I14-J14 -> 164593.77 | L14: =((E14:E18)/(B14:B18)) -> 2.4416373 | M14: =+G14-K14 -> -5550.6
A15: Derechos | B15: 1461000 | C15: 1034642 | K15: =+H15+I15-J15 -> 0 | M15: =+G15-K15 -> 0
A16: Aprovechamientos | B16: 1210000 | C16: =809663.77-4363.38 -> 805300.39 | D16: 4363.38 | K16: =+H16+I16-J16 -> 0 | M16: =+G16-K16 -> 0
A17: Productos | B17: 365000 | C17: 256214.32 | K17: =+H17+I17-J17 -> 0 | M17: =+G17-K17 -> 0
A18: Ingresos por Ventas | K18: =+H18+I18-J18 -> 0 | M18: =+G18-K18 -> 0
A19: otros | K19: =+H19+I19-J19 -> 0 | M19: =+G19-K19 -> 0
A20: F.G.P | B20: 12278735 | C20: =7488526.66-769.42 -> 7487757.2 | D20: 769.42 | E20: 7280214 | F20: =E20/C20 -> 0.97228233 | G20: =+C20+D20-E20 -> 208312.63 | H20: 494179.15 | J20: 285866.52 | K20: =+H20+I20-J20 -> 208312.63 | L20: =E20/B20 -> 0.59291238 | M20: =+G20-K20 -> 0
A21: F.F.M. | B21: 7368038 | C21: =4913494.01-1470.01 -> 4912024 | D21: 1470.01 | E21: 4904142.8 | F21: =E21/C21 -> 0.99839553 | G21: =+C21+D21-E21 -> 9351.22 | H21: 9351.22 | J21: 0 | K21: =+H21+I21-J21 -> 9351.22 | L21: =E21/B21 -> 0.66559684 | M21: =+G21-K21 -> -2.6011548e-10
A22: F.I.S.M. | B22: 4762263 | C22: =3812958.73-3150.73 -> 3809808 | D22: 3150.73 | E22: 3104675.8 | F22: =E22/C22 -> 0.8149166 | G22: =+C22+D22-E22 -> 708282.94 | H22: 6190.15 | I22: 702092.79 | K22: =+H22+I22-J22 -> 708282.94 | L22: =+I22/B22 -> 0.14742839 | M22: =+G22-K22 -> 0
A23: FORTAMUN-DF | B23: 12210156 | C23: =8141281.24-1177.24 -> 8140104 | D23: 1177.24 | E23: 7628160.5 | F23: =E23/C23 -> 0.93710848 | G23: =+C23+D23-E23 -> 513120.72 | H23: 513012.72 | J23: -108 | K23: =+H23+I23-J23 -> 513120.72 | L23: =E23/B23 -> 0.62473899 | M23: =+G23-K23 -> 6.9849193e-10
A24: FOFIS | B24: 292582 | C24: =195157.4-101.4 -> 195056 | D24: 101.4 | E24: 170676.05 | F24: =E24/C24 -> 0.87501051 | G24: =+C24+D24-E24 -> 24481.35 | H24: 24481.35 | K24: =+H24+I24-J24 -> 24481.35 | L24: =E24/B24 -> 0.58334433 | M24: =+G24-K24 -> 0
A25: ISAN | B25: 97595 | C25: =48820.97-22.97 -> 48798 | D25: 22.97 | E25: 34800 | F25: =E25/C25 -> 0.71314398 | G25: =+C25+D25-E25 -> 14020.97 | H25: 14020.97 | K25: =+H25+I25-J25 -> 14020.97 | L25: =E25/B25 -> 0.35657564 | M25: =+G25-K25 -> 0
A26: COMPENSACION ISAN | B26: 26817 | C26: 17530.64 | D26: 0 | E26: 12098.88 | F26: =E26/C26 -> 0.69015621 | G26: =+C26+D26-E26 -> 5431.76 | H26: 5431.76 | K26: =+H26+I26-J26 -> 5431.76 | L26: =E26/B26 -> 0.45116456 | M26: =+G26-K26 -> 0
A27: IEPS GASOLINA | B27: 744911 | C27: =496904.68-296.68 -> 496608 | D27: 296.68 | E27: 257044 | F27: =E27/C27 -> 0.51759939 | G27: =+C27+D27-E27 -> 239860.68 | H27: 18250.3 | I27: 221610.38 | K27: =+H27+I27-J27 -> 239860.68 | L27: =E27/B27 -> 0.34506673 | M27: =+G27-K27 -> 0
A28: IEPS TABACO | B28: 198634 | C28: =132491.51-67.51 -> 132424 | D28: 67.51 | E28: 79788.59 | F28: =E28/C28 -> 0.60252364 | G28: =+C28+D28-E28 -> 52702.92 | H28: 52702.92 | K28: =+H28+I28-J28 -> 52702.92 | L28: =E28/B28 -> 0.40168647 | M28: =+G28-K28 -> 0
A29: FEIEF | C29: =310060.53-7.01 -> 310053.52 | D29: 7.01 | E29: 310060.53 | G29: =+C29+D29-E29 -> 0 | H29: 0 | K29: =+H29+I29-J29 -> 0 | L29: =E29/B29 -> #DIV/0! | M29: =+G29-K29 -> 0
A30: APOYO EXTRAORDINARIO ESTATAL | C30: 1239277 | E30: 1239277 | G30: =+C30+D30-E30 -> 0 | H30: 0 | K30: =+H30+I30-J30 -> 0 | L30: =E30/B30 -> #DIV/0! | M30: =+G30-K30 -> 0
A31: PROSSAPYS | G31: =+C31+D31-E31 -> 0 | H31: 0 | K31: =+H31+I31-J31 -> 0 | L31: =E31/B31 -> #DIV/0! | M31: =+G31-K31 -> 0
G32: =+C32+D32-E32 -> 0 | H32: 0 | K32: =+H32+I32-J32 -> 0 | L32: =E32/B32 -> #DIV/0! | M32: =+G32-K32 -> 0
A33: APDER | G33: =+C33+D33-E33 -> 0 | H33: 0 | K33: =+H33+I33-J33 -> 0 | L33: =E33/B33 -> #DIV/0! | M33: =+G33-K33 -> 0
A34: DEVOLUCION DE IMPUESTOS | G34: =+C34+D34-E34 -> 0 | H34: 0 | K34: =+H34+I34-J34 -> 0 | L34: =E34/B34 -> #DIV/0! | M34: =+G34-K34 -> 0
A35: CONTINGENCIAS ECONOMICAS | G35: =+C35+D35-E35 -> 0 | H35: 0 | K35: =+H35+I35-J35 -> 0 | L35: =E35/B35 -> #DIV/0! | M35: =+G35-K35 -> 0
A36: DEV. DE ISR | C36: 289353 | G36: =+C36+D36-E36 -> 289353 | H36: 289353 | K36: =+H36+I36-J36 -> 289353
A37: SEDESOL 3X1 | C37: 1369265 | E37: 0 | G37: =+C37+D37-E37 -> 1369265 | H37: 2335.01 | I37: 1366930 | K37: =+H37+I37-J37 -> 1369265 | M37: =+G37-K37 -> 0
A38: TOTALES: | B38: =SUM(B13:B28) -> 42941731 | C38: =SUM(C13:C37) -> 33305332 | D38: =SUM(D13:D35) -> 11426.35 | E38: =SUM(E13:E37) -> 29723532 | G38: =SUM(G13:G37) -> 3593226.4 | H38: =SUM(H13:H37) -> 1569361.8 | I38: =SUM(I13:I37) -> 2315173.7 | J38: =SUM(J13:J37) -> 285758.52 | K38: =SUM(K13:K37) -> 3598777
D39: =+D38+C38 -> 33316758
C40: I R R E D U C T I B L E S
B42: CONCEPTO | D42: PRESUPUESTO | G42: ACUMULADO | I42: %
B43: EJEMPLO:
B44: C.N.A.
B45: LUZ | D45: 3480000 | G45: 2218731.7 | I45: =+G45/D45 -> 0.63756658
B46: CLORACIÓN
B49: ELABORÓ: | G49: REVISÓ Y AUTORIZÓ: | J49: REVISÓ:
B51: L.C. RULI HERNANDEZ FLORES | F51: PROFR. ALFREDO ZUÑIGA AVILES | J51: LIC. GISAEL CHAVEZ AGUILAR
B52: NOMBRE DEL TESORERO MUNICIPAL | F52: NOMBRE DEL PRESIDENTE MUNICIPAL | J52: NOMBRE DEL SÍNDICO MUNICIPAL
A56: Formato : MR-02
A60: CUADRO RESUMEN DE LA SITUACIÓN FINANCIERA
A62: REFERENCIA | E62: DESCRIPCIÓN
A64: LOGOTIPO: | E64: Insertar el logotipo representativo del Municipio.
A66: MUNICIPIO DE: | E66: Especificar el nombre del Municipio.
A68: FUENTE DE FINANCIAMIENTO: | E68: Nombre de los fondos y ejercicio que maneja el sujeto de revisión.
A70: APROBADO / MODIFICADO ANUAL: | E70: Refleja las asignaciones presupuestarias anuales según lo establecido en el Presupuesto de Egresos y sus anexos, o bien, la asignación presupuestaria que resulta de incorporar, en su caso, las adecuaciones presupuestarias al presupuesto aprobado.
A72: INGRESOS Y OTROS BENEFICIOS ACUMULADOS: | E72: Representa el importe de los ingresos y otros beneficios del ente público provenientes de los ingresos de gestión, participaciones, aportaciones, transferencias, asignaciones, subsidios y otras ayudas y otros ingresos.
A74: INTERESES GENERADOS ACUMULADOS | E74: Representa el importe de los rendimientos financieros y/o intereses bancarios generados por el manejo de las cuentas bancarias de los de los ingresos de gestión, participaciones, aportaciones, transferencias, asignaciones, subsidios y otras ayudas y otros ingresos.
A76: GASTOS Y OTRAS PÉRDIDAS ACUMULADOS: | E76: Representa el importe de los gastos y otras pérdidas del ente público, incurridos por gastos de funcionamiento, intereses, transferencias, participaciones y aportaciones otorgadas, otras pérdidas de la gestión y extraordinarias, entre otras.
A78: % | E78: Representa el porcentaje de la aplicación de los ingresos, otros bneficios acumulados e intereses generados, y se calcula dividiendo los gastos y otras pérdidas entre los ingresos (mas intereses).
A80: POR EROGAR: | E80: Importe de ingresos y otros beneficios pendientes de erogar.
A82: SALDOS EN CAJA Y BANCOS: | E82: Importe reflejado en caja y bancos al mes que se reporta.
A84: DEUDORAS DE ACTIVO: | E84: Sumatoria de las cuentas deudoras de cada fuente de financiamiento.
... A100: AVANCE % | E100: Porcentaje reflejado entre lo presupuestado y lo acumulado, y se calcula dividiendo el acumulado entre el presupuesto

Sheet CUADRO RES.FRO.  MR-04 SEPT
A4: MUNICIPIO DE: PROGRESO DE OBREGON, HGO.
A6: CUADRO RESUMEN DE LA SITUACIÓN FINANCIERA
A8: ° Nota: anexar papel de trabajo de cómo se integran las cuentas Deudoras y Acreedoras | J8: 42643
C10: CUENTAS DE RESULTADOS | H10: CUENTAS DE BALANCE
A11: FUENTE DE FINANCIAMIENTO | B11: APROBADO / MODIFICADO ANUAL | C11: INGRESOS Y OTROS BENEFICIOS ACUMULADOS | D11: INTERESES GENERADOS ACUMULADOS | E11: GASTOS Y OTRAS PÉRDIDAS ACUMULADOS | F11: % | G11: POR EROGAR (D) | H11: SALDOS EN CAJA Y BANCOS (A) | I11: ° DEUDORAS DE ACTIVO (B) | J11: ° ACREEDORAS DE PASIVO ( C ) | K11: DIFERENCIA A+B-C = D | L11: AVANCE %
L12: FIN.
A13: ING. PROPIOS | C13: =SUM(C14:C17)+D16 -> 5336041 | E13: ='[1]AUXILIARES SEPTIEMBRE 2016 REBI'!$K$1560 -> 5395694 | G13: =C13-E13 -> -59652.96 | H13: =48828.66+368.98 -> 49197.64 | I13: ='CTAS DEUDORAS Y ACREEDORAS OCTU'!E23 -> 24540.54 | J13: ='CTAS DEUDORAS Y ACREEDORAS OCTU'!F23 -> 133390.74 | K13: =+H13+I13-J13 -> -59652.56 | M13: =+G13-K13 -> -0.4
A14: Impuestos | B14: 1926000 | C14: 2785838.9 | L14: =((E14:E18)/(B14:B18)) -> 0 | M14: =+G14-K14 -> 0
A15: Derechos | B15: 1461000 | C15: 1096253.5 | K15: =+H15+I15-J15 -> 0 | M15: =+G15-K15 -> 0
A16: Aprovechamientos | B16: 1210000 | C16: =922603.24-4363.38 -> 918239.86 | D16: 4363.38 | K16: =+H16+I16-J16 -> 0 | M16: =+G16-K16 -> 0
A17: Productos | B17: 365000 | C17: 531345.32 | K17: =+H17+I17-J17 -> 0 | M17: =+G17-K17 -> 0
A18: Ingresos por Ventas | K18: =+H18+I18-J18 -> 0 | M18: =+G18-K18 -> 0
A19: otros | K19: =+H19+I19-J19 -> 0 | M19: =+G19-K19 -> 0
A20: F.G.P | B20: 12278735 | C20: =8737840.81-1611.56 -> 8736229.2 | D20: 1611.56 | E20: ='[1]AUXILIARES SEPTIEMBRE 2016 REBI'!$L$1560 -> 8059890.8 | F20: =E20/C20 -> 0.92258234 | G20: =+C20+D20-E20 -> 677949.99 | H20: 737790.78 | J20: ='CTAS DEUDORAS Y ACREEDORAS OCTU'!F26 -> 59840.79 | K20: =+H20+I20-J20 -> 677949.99 | L20: =E20/B20 -> 0.65641052 | M20: =+G20-K20 -> 1.1641532e-09
A21: F.F.M. | B21: 7368038 | C21: =5527505.51-1478.51 -> 5526027 | D21: 1478.51 | E21: =5007993.14-1973.7 -> 5006019.4 | F21: =E21/C21 -> 0.90589848 | G21: =+C21+D21-E21 -> 521486.07 | H21: 523621.29 | J21: ='CTAS DEUDORAS Y ACREEDORAS OCTU'!F43 -> 2135.22 | K21: =+H21+I21-J21 -> 521486.07 | L21: =E21/B21 -> 0.67942367 | M21: =+G21-K21 -> 0
A22: F.I.S.M. | B22: 4762263 | C22: =4289191-3157 -> 4286034 | D22: 3157 | E22: 3104675.8 | F22: =E22/C22 -> 0.72437031 | G22: =+C22+D22-E22 -> 1184515.2 | H22: 482422.42 | I22: 702092.79 | K22: =+H22+I22-J22 -> 1184515.2 | L22: =+I22/B22 -> 0.14742839 | M22: =+G22-K22 -> 0
A23: FORTAMUN-DF | B23: 12210156 | C23: =9158915.35-1298.35 -> 9157617 | D23: 1298.35 | E23: 8271767.3 | F23: =E23/C23 -> 0.90326635 | G23: =+C23+D23-E23 -> 887148.06 | H23: 898810.63 | I23: 0 | J23: ='CTAS DEUDORAS Y ACREEDORAS OCTU'!F37 -> 11662.57 | K23: =+H23+I23-J23 -> 887148.06 | L23: =E23/B23 -> 0.67744976 | M23: =+G23-K23 -> 0
A24: FOFIS | B24: 292582 | C24: =219546.68-108.68 -> 219438 | D24: 108.68 | E24: 178570.45 | F24: =E24/C24 -> 0.81376266 | G24: =+C24+D24-E24 -> 40976.23 | H24: 40976.23 | K24: =+H24+I24-J24 -> 40976.23 | L24: =E24/B24 -> 0.61032616 | M24: =+G24-K24 -> 0
A25: ISAN | B25: 97595 | C25: =56958.03-27.03 -> 56931 | D25: 27.03 | E25: 34800 | F25: =E25/C25 -> 0.61126627 | G25: =+C25+D25-E25 -> 22158.03 | H25: 22158.03 | K25: =+H25+I25-J25 -> 22158.03 | L25: =E25/B25 -> 0.35657564 | M25: =+G25-K25 -> 0
A26: COMPENSACION ISAN | B26: 26817 | C26: 19721.97 | D26: 0 | E26: 12098.88 | F26: =E26/C26 -> 0.61347218 | G26: =+C26+D26-E26 -> 7623.09 | H26: 7623.09 | K26: =+H26+I26-J26 -> 7623.09 | L26: =E26/B26 -> 0.45116456 | M26: =+G26-K26 -> 0
A27: IEPS GASOLINA | B27: 744911 | C27: =558988.22-296.68 -> 558691.54 | D27: 296.68 | E27: 257044 | F27: =E27/C27 -> 0.46008214 | G27: =+C27+D27-E27 -> 301944.22 | H27: 80333.84 | I27: 221610.38 | K27: =+H27+I27-J27 -> 301944.22 | L27: =E27/B27 -> 0.34506673 | M27: =+G27-K27 -> 0
A28: IEPS TABACO | B28: 198634 | C28: =149063.43-86.43 -> 148977 | D28: 86.43 | E28: 79788.59 | F28: =E28/C28 -> 0.53557657 | G28: =+C28+D28-E28 -> 69274.84 | H28: 69274.84 | K28: =+H28+I28-J28 -> 69274.84 | L28: =E28/B28 -> 0.40168647 | M28: =+G28-K28 -> 0
A29: FEIEF | C29: =310060.53-7.01 -> 310053.52 | D29: 7.01 | E29: 310060.53 | G29: =+C29+D29-E29 -> 0 | H29: 0 | K29: =+H29+I29-J29 -> 0 | L29: 0 | M29: =+G29-K29 -> 0
A30: APOYO EXTRAORDINARIO ESTATAL | C30: 1239277 | E30: 1239277 | G30: =+C30+D30-E30 -> 0 | H30: 0 | K30: =+H30+I30-J30 -> 0 | L30: 0 | M30: =+G30-K30 -> 0
A31: PROSSAPYS | G31: =+C31+D31-E31 -> 0 | H31: 0 | K31: =+H31+I31-J31 -> 0 | L31: =E31/B31 -> #DIV/0! | M31: =+G31-K31 -> 0
G32: =+C32+D32-E32 -> 0 | H32: 0 | K32: =+H32+I32-J32 -> 0 | L32: =E32/B32 -> #DIV/0! | M32: =+G32-K32 -> 0
A33: APDER | G33: =+C33+D33-E33 -> 0 | H33: 0 | K33: =+H33+I33-J33 -> 0 | L33: =E33/B33 -> #DIV/0! | M33: =+G33-K33 -> 0
A34: DEVOLUCION DE IMPUESTOS | G34: =+C34+D34-E34 -> 0 | H34: 0 | K34: =+H34+I34-J34 -> 0 | L34: =E34/B34 -> #DIV/0! | M34: =+G34-K34 -> 0
A35: CONTINGENCIAS ECONOMICAS | G35: =+C35+D35-E35 -> 0 | H35: 0 | K35: =+H35+I35-J35 -> 0 | L35: =E35/B35 -> #DIV/0! | M35: =+G35-K35 -> 0
A36: DEV. DE ISR | C36: 845295 | G36: =+C36+D36-E36 -> 845295 | H36: 845295 | K36: =+H36+I36-J36 -> 845295 | M36: =+G36-K36 -> 0
A37: SEDESOL 3X1 | C37: 1369265 | E37: 0 | G37: =+C37+D37-E37 -> 1369265 | H37: 2335.01 | I37: 1366930 | K37: =+H37+I37-J37 -> 1369265 | M37: =+G37-K37 -> 0
A38: TOTALES: | B38: =SUM(B13:B28) -> 42941731 | C38: =SUM(C13:C37) -> 43141276 | D38: =SUM(D13:D35) -> 12434.63 | E38: =SUM(E13:E37) -> 31949687 | G38: =SUM(G13:G37) -> 5867982.8 | H38: =SUM(H13:H37) -> 3759838.8 | I38: =SUM(I13:I37) -> 2315173.7 | J38: =SUM(J13:J37) -> 207029.32 | K38: =SUM(K13:K37) -> 5867983.2
D39: =+D38+C38 -> 43153711 | E39: =34223350.05-D39 -> -8930360.5
C40: I R R E D U C T I B L E S
B42: CONCEPTO | D42: PRESUPUESTO | G42: ACUMULADO | I42: %
B43: EJEMPLO:
B44: C.N.A.
B45: LUZ | D45: 3480000 | G45: 2218731.7 | I45: =+G45/D45 -> 0.63756658
B46: CLORACIÓN
B49: ELABORÓ: | G49: REVISÓ Y AUTORIZÓ: | J49: REVISÓ:
B51: L.C. MARIBEL NERIA OLGUIN | F51: ARQ. RAÚL MENESES RODRÍGUEZ | J51: C. NELY CAMACHO MARTÍNEZ
B52: NOMBRE DEL TESORERO MUNICIPAL | F52: NOMBRE DEL PRESIDENTE MUNICIPAL | J52: NOMBRE DEL SÍNDICO MUNICIPAL
A56: Formato : MR-02
A60: CUADRO RESUMEN DE LA SITUACIÓN FINANCIERA
A62: REFERENCIA | E62: DESCRIPCIÓN
A64: LOGOTIPO: | E64: Insertar el logotipo representativo del Municipio.
A66: MUNICIPIO DE: | E66: Especificar el nombre del Municipio.
A68: FUENTE DE FINANCIAMIENTO: | E68: Nombre de los fondos y ejercicio que maneja el sujeto de revisión.
A70: APROBADO / MODIFICADO ANUAL: | E70: Refleja las asignaciones presupuestarias anuales según lo establecido en el Presupuesto de Egresos y sus anexos, o bien, la asignación presupuestaria que resulta de incorporar, en su caso, las adecuaciones presupuestarias al presupuesto aprobado.
A72: INGRESOS Y OTROS BENEFICIOS ACUMULADOS: | E72: Representa el importe de los ingresos y otros beneficios del ente público provenientes de los ingresos de gestión, participaciones, aportaciones, transferencias, asignaciones, subsidios y otras ayudas y otros ingresos.
A74: INTERESES GENERADOS ACUMULADOS | E74: Representa el importe de los rendimientos financieros y/o intereses bancarios generados por el manejo de las cuentas bancarias de los de los ingresos de gestión, participaciones, aportaciones, transferencias, asignaciones, subsidios y otras ayudas y otros ingresos.
A76: GASTOS Y OTRAS PÉRDIDAS ACUMULADOS: | E76: Representa el importe de los gastos y otras pérdidas del ente público, incurridos por gastos de funcionamiento, intereses, transferencias, participaciones y aportaciones otorgadas, otras pérdidas de la gestión y extraordinarias, entre otras.
A78: % | E78: Representa el porcentaje de la aplicación de los ingresos, otros bneficios acumulados e intereses generados, y se calcula dividiendo los gastos y otras pérdidas entre los ingresos (mas intereses).
A80: POR EROGAR: | E80: Importe de ingresos y otros beneficios pendientes de erogar.
A82: SALDOS EN CAJA Y BANCOS: | E82: Importe reflejado en caja y bancos al mes que se reporta.
A84: DEUDORAS DE ACTIVO: | E84: Sumatoria de las cuentas deudoras de cada fuente de financiamiento.
... A100: AVANCE % | E100: Porcentaje reflejado entre lo presupuestado y lo acumulado, y se calcula dividiendo el acumulado entre el presupuesto

Sheet CTAS DEUDORAS Y ACREEDORAS OCTU
A1: MUNICIPIO DE PROGRESO DE OBREGON
A2: HOJA DE TRABAJO EN LA QUE SE DESGLOSAN LAS CUENTAS DEUDORAS DE ACTIVO Y ACREEDORAS DE PASIVO
A4: FONDO | B4: NUMERO DE CUENTA | C4: DESCRIPCION | D4: FECHA COMPRA | E4: CUENTAS DEUDORAS DE ACTIVO | F4: CUENTAS ACREEDORAS DE PASIVO
A6: REPO | B6: 1.2.4.6.563.19 | C6: IMPRESORA EPSON | E6: 4299
B7: 1.2.4.6.563.17.2/1 | C7: DESBROZADORAS | E7: 4265
B8: 1.2.4.6.563.17.2/1 | C8: DESBROZADORAS | E8: 5550.6
B10: 1.1.2.3.17.1.6.1 | C10: ROSA MARTHA LARA REYES | E10: 2874.71
B11: 1.1.2.3.17.1.6.2 | C11: SALVADOR CASTAÑEDA ESTRADA | E11: 2644.18
B12: 1.1.2.3.17.1.6.3 | C12: VERONICA GUADALUPE TOVAR MARTINEZ | E12: 2173.8
B13: 1.1.2.3.17.1.6.4 | C13: MANUEL SANCHEZ CERVANTES | E13: 2705.6
B14: 1.1.2.3.17.1.6.5 | C14: SANDRA BAUTISTA TORRES | E14: 27.65
B16: 2.1.1.3.1.7.1.7 | C16: JOSE LUIS ALVAREZ ORTIZ | F16: 52200
B17: 2.1.1.3.1.7.1.8 | C17: VICTOR HUGO BENITEZ CERON | F17: 78753
B19: 2.1.1.7.7 | C19: ISR RETENIDO POR HONORARIOS | F19: 2437.74
C23: SUMA | E23: =SUM(E6:E22) -> 24540.54 | F23: =SUM(F6:F22) -> 133390.74
A24: FGP | B24: 2.1.1.3.1.7.2.5 | C24: RUBEN HERNANDEZ HERNANDEZ | F24: 0
B25: 2.1.1.7.1.7.2 | C25: IMPUESTOS POR PAGAR | F25: 59840.79
C26: SUMA | E26: =SUM(E24:E25) -> 0 | F26: =SUM(F24:F25) -> 59840.79
B27: 2.1.1.3.1.7.3.3 | C27: DEBE NOMINA | F27: 3315
B31: 2.1.1.7.1.6.3 | C31: IMPUESTOS POR PAGAR | F31: 21969
C32: SUMA | E32: =SUM(E27:E31) -> 0 | F32: =SUM(F27:F31) -> 25284
A33: FAFM | B33: 2.1.1.3.1.7.4.1 | C33: DEBE A REPO 2016 | F33: 0
B36: 2.1.1.7.1.7.4 | C36: IMPUESTOS POR PAGAR | F36: 11662.57
C37: SUMA | E37: =SUM(E33:E36) -> 0 | F37: =SUM(F33:F36) -> 11662.57
C39: SUMA | E39: =SUM(E38:E38) -> 0 | F39: =SUM(F38:F38) -> 0
A40: F.F.M | B40: 2.1.1.7.1.7.3 | C40: IMPUESTOS POR PAGAR | F40: 1082.57
B41: 2.1.1.3.1.7.3.3 | C41: DEBE NOMINAS | F41: 1052.65
C43: SUMA | E43: =SUM(E40:E40) -> 0 | F43: =SUM(F40:F42) -> 2135.22
C47: SUMA | E47: =SUM(E46:E46) -> 0
C50: SUMA | E50: =SUM(E48:E49) -> 0 | F50: =SUM(F48:F49) -> 0
C53: SUMA | E53: =SUM(E51:E52) -> 0 | F53: =SUM(F51:F52) -> 0
C54: SUMA TOTAL | E54: =+E23+E26+E32+E37+E39+E43+E47+E48+E53 -> 24540.54 | F54: =F23+F26+F32+F39+F43+F50+F37 -> 232313.32

Sheet CTAS DEUDORAS Y ACREEDORAS NOV
A1: MUNICIPIO DE PROGRESO DE OBREGON
A2: HOJA DE TRABAJO EN LA QUE SE DESGLOSAN LAS CUENTAS DEUDORAS DE ACTIVO Y ACREEDORAS DE PASIVO
A4: FONDO | B4: NUMERO DE CUENTA | C4: DESCRIPCION | D4: FECHA COMPRA | E4: CUENTAS DEUDORAS DE ACTIVO | F4: CUENTAS ACREEDORAS DE PASIVO
A6: REPO | B6: 1.2.4.6.563.19 | C6: IMPRESORA EPSON | E6: 4299
B7: 1.2.4.6.563.17.2/1 | C7: DESBROZADORAS | E7: 4265
B8: 1.2.4.6.563.17.2/1 | C8: DESBROZADORAS | E8: 5550.6
B10: 1.1.2.3.17.1.6.1 | C10: ROSA MARTHA LARA REYES | E10: 2874.71
B11: 1.1.2.3.17.1.6.2 | C11: SALVADOR CASTAÑEDA ESTRADA | E11: 2644.18
B12: 1.1.2.3.17.1.6.3 | C12: VERONICA GUADALUPE TOVAR MARTINEZ | E12: 2173.8
B13: 1.1.2.3.17.1.6.4 | C13: MANUEL SANCHEZ CERVANTES | E13: 2705.6
B14: 1.1.2.3.17.1.6.5 | C14: SANDRA BAUTISTA TORRES | E14: 27.65
C16: ANTICIPO APROVEEDORES | E16: 18000
B18: 1.1.5.1.1 | C18: ALMACEN DESAYUNOS FRIOS | E18: 4233.6
E19: 20000
B20: 2.1.1.3.1.7.1.9 | C20: JOSE MORALES FLORES | F20: 2521.6
B22: 2.1.1.7.1.7.1 | C22: ISR REPO | F22: 857.15
B23: 2.1.1.9.1.1 | C23: ANTICIPO A DEUDORES DIVERSOS | F23: 4532.91
C24: SUMA | E24: =SUM(E6:E23) -> 66774.14 | F24: =SUM(F6:F23) -> 7911.66
A25: FGP | B25: 2.1.1.3.1.7.2.5 | C25: RUBEN HERNANDEZ HERNANDEZ | F25: 2438
B26: 2.1.1.7.1.7.2 | C26: IMPUESTOS POR PAGAR | F26: 154876.41
C27: SUMA | E27: =SUM(E25:E26) -> 0 | F27: =SUM(F25:F26) -> 157314.41
B28: 2.1.1.3.1.7.3.3 | C28: DEBE NOMINA | F28: 3315
B32: 2.1.1.7.1.6.3 | C32: IMPUESTOS POR PAGAR | F32: 21969
C33: SUMA | E33: =SUM(E28:E32) -> 0 | F33: =SUM(F28:F32) -> 25284
A34: F.F.M | B34: 2.1.1.7.1.7.3 | C34: IMPUESTOS POR PAGAR | F34: 15400.84
B35: 2.1.1.3.1.7.3.3 | C35: DEBE NOMINAS | F35: 1052.65
C37: SUMA | E37: =SUM(E34:E34) -> 0 | F37: =SUM(F34:F36) -> 16453.49
A38: FAFM | B38: 2.1.1.3.1.7.4.1 | C38: DEBE A REPO 2016 | F38: 0
B41: 2.1.1.7.1.7.4 | C41: IMPUESTOS POR PAGAR | F41: 11662.57
C42: SUMA | E42: =SUM(E38:E41) -> 0 | F42: =SUM(F38:F41) -> 11662.57
C46: SUMA | E46: =SUM(E45:E45) -> 0
C49: SUMA | E49: =SUM(E47:E48) -> 0 | F49: =SUM(F47:F48) -> 0
C52: SUMA | E52: =SUM(E50:E51) -> 0 | F52: =SUM(F50:F51) -> 0
C53: SUMA TOTAL | E53: =E24+E27+E33+E37+E49+E42+E46 -> 66774.14 | F53: =F24+F27+F33+F37+F49+F42+F46 -> 218626.13

Sheet CUADRO RESUMEN
A1: SISTEMA MUNICIPAL PARA EL DESARROLLO INTEGRAL DE LA FAMILIA DESAN SALVADOR HIDALGO
A2: CUADRO RESUMEN DE LA SITUACIÓN FINANCIERA
A3: ° Nota: anexar papel de trabajo de cómo se integran las cuentas Deudoras y Acreedoras | J3: 45322
C5: CUENTAS DE RESULTADOS | H5: CUENTAS DE BALANCE
A6: FUENTE DE FINANCIAMIENTO | B6: APROBADO / MODIFICADO ANUAL | C6: INGRESOS Y OTROS BENEFICIOS ACUMULADOS | D6: INTERESES GENERADOS ACUMULADOS | E6: GASTOS Y OTRAS PÉRDIDAS ACUMULADOS | F6: % | G6: POR EROGAR (D) | H6: SALDOS EN CAJA Y BANCOS (A) | I6: ° DEUDORAS DE ACTIVO (B) | J6: ° ACREEDORAS DE PASIVO ( C ) | K6: DIFERENCIA A+B-C = D | L6: AVANCE %
L7: FIN.
A8: INGRESOS 2024 | B8: =SUM(B9:B12) -> 0 | C8: 316666.66 | D8: 1.35 | E8: 297274.25 | F8: =E8/C8 -> 0.93876081 | G8: =C8+D8-E8 -> 19393.76 | H8: =67775.86 -> 67775.86 | I8: ='CTAS DEUDORAS Y ACREEDORAS'!E37 -> -32065.55 | J8: 16316.55 | K8: =H8+I8-J8 -> 19393.76 | L8: 1 | M8: =G8-K8 -> -4.7293724e-11
A13: INGRESOS 2023 | I13: 96091.8
A14: INGRESOS 2022 | H14: 64.23 | I14: 469881.42
A15: INGRESOS 2021 | I15: 3137.52
A31: TOTAL | B31: =SUM(B9:B27) -> 0 | C31: =SUM(C9:C30) -> 0 | D31: =SUM(D8:D27) -> 1.35 | E31: =SUM(E8:E29) -> 297274.25 | G31: =SUM(G8:G26) -> 19393.76 | H31: =SUM(H8:H28) -> 67840.09 | I31: =SUM(I8:I27) -> 537045.19 | J31: =SUM(J8:J26) -> 16316.55 | K31: =SUM(K8:K26) -> 19393.76
B33: CONCEPTO | D33: PRESUPUESTO | G33: ACUMULADO | I33: %
B34: EJEMPLO:
B35: C.N.A.
B36: LUZ
B37: CLORACIÓN
B40: ELABORÓ: | G40: REVISÓ Y AUTORIZÓ: | J40: REVISÓ:
B43: ENGARGADO DE ADMINISTRACION Y FINANZAS | F43: PRESIDENTE MUNICIPAL | J43: COMISARIO
A44: SISTEMA MUNICIPAL PARA EL DESARROLLO INTEGRAL DE LA FAMILIA DESAN SALVADOR HIDALGO
A45: CUADRO RESUMEN DE LA SITUACIÓN FINANCIERA
A46: ° Nota: anexar papel de trabajo de cómo se integran las cuentas Deudoras y Acreedoras | J46: 45351
C48: CUENTAS DE RESULTADOS | H48: CUENTAS DE BALANCE
A49: FUENTE DE FINANCIAMIENTO | B49: APROBADO / MODIFICADO ANUAL | C49: INGRESOS Y OTROS BENEFICIOS ACUMULADOS | D49: INTERESES GENERADOS ACUMULADOS | E49: GASTOS Y OTRAS PÉRDIDAS ACUMULADOS | F49: % | G49: POR EROGAR (D) | H49: SALDOS EN CAJA Y BANCOS (A) | I49: ° DEUDORAS DE ACTIVO (B) | J49: ° ACREEDORAS DE PASIVO ( C ) | K49: DIFERENCIA A+B-C = D | L49: AVANCE %
L50: FIN.
A51: INGRESOS 2024 | B51: =SUM(B52:B55) -> 0 | C51: =833333.32+9500 -> 842833.32 | D51: 1.87 | E51: 593769.27 | F51: =E51/C51 -> 0.70449193 | G51: =C51+D51-E51 -> 249065.92 | H51: 296385.98 | I51: ='CTAS DEUDORAS Y ACREEDORAS'!E75 -> -32065.55 | J51: ='CTAS DEUDORAS Y ACREEDORAS'!F75 -> 15254.51 | K51: =H51+I51-J51 -> 249065.92 | L51: 1 | M51: =G51-K51 -> 0
M54: =C51+D51 -> 842835.19
A56: INGRESOS 2023 | I56: 96091.8
A57: INGRESOS 2022 | H57: 64.23 | I57: 469881.42
A58: INGRESOS 2021 | I58: 3137.52
A74: TOTAL | B74: =SUM(B52:B70) -> 0 | C74: =SUM(C52:C73) -> 0 | D74: =SUM(D51:D70) -> 1.87 | E74: =SUM(E51:E72) -> 593769.27 | G74: =SUM(G51:G69) -> 249065.92 | H74: =SUM(H51:H71) -> 296450.21 | I74: =SUM(I51:I70) -> 537045.19 | J74: =SUM(J51:J69) -> 15254.51 | K74: =SUM(K51:K69) -> 249065.92
B76: CONCEPTO | D76: PRESUPUESTO | G76: ACUMULADO | I76: %
B77: EJEMPLO:
B78: C.N.A.
B79: LUZ
B80: CLORACIÓN
B83: ELABORÓ: | G83: REVISÓ Y AUTORIZÓ: | J83: REVISÓ:
B86: ENGARGADO DE ADMINISTRACION Y FINANZAS | F86: PRESIDENTE MUNICIPAL | J86: COMISARIO
A88: SISTEMA MUNICIPAL PARA EL DESARROLLO INTEGRAL DE LA FAMILIA DESAN SALVADOR HIDALGO
A89: CUADRO RESUMEN DE LA SITUACIÓN FINANCIERA
A90: ° Nota: anexar papel de trabajo de cómo se integran las cuentas Deudoras y Acreedoras | J90: 45382
C92: CUENTAS DE RESULTADOS | H92: CUENTAS DE BALANCE
A93: FUENTE DE FINANCIAMIENTO | B93: APROBADO / MODIFICADO ANUAL | C93: INGRESOS Y OTROS BENEFICIOS ACUMULADOS | D93: INTERESES GENERADOS ACUMULADOS | E93: GASTOS Y OTRAS PÉRDIDAS ACUMULADOS | F93: % | G93: POR EROGAR (D) | H93: SALDOS EN CAJA Y BANCOS (A) | I93: ° DEUDORAS DE ACTIVO (B) | J93: ° ACREEDORAS DE PASIVO ( C ) | K93: DIFERENCIA A+B-C = D | L93: AVANCE %
L94: FIN.
A95: INGRESOS 2024 | B95: =SUM(B96:B99) -> 0 | C95: =1281699.84-D95 -> 1281697.6 | D95: 2.22 | E95: 1055842.1 | F95: =E95/C95 -> 0.82378408 | G95: =C95+D95-E95 -> 225857.74 | H95: 221008.44 | I95: ='CTAS DEUDORAS Y ACREEDORAS'!E113 -> 21794.95 | J95: ='CTAS DEUDORAS Y ACREEDORAS'!F113 -> 16945.65 | K95: =H95+I95-J95 -> 225857.74 | L95: 1 | M95: =G95-K95 -> 0
M97: ='CTAS DEUDORAS Y ACREEDORAS'!E86 -> 0
M98: =M95+M97 -> 0
A100: INGRESOS 2023 | I100: 96091.8
A101: INGRESOS 2022 | H101: 64.23 | I101: 469881.42 | M101: =C95+D95 -> 1281699.8
A102: INGRESOS 2021 | I102: 3137.52
A118: TOTAL | B118: =SUM(B96:B114) -> 0 | C118: =SUM(C96:C117) -> 0 | D118: =SUM(D95:D114) -> 2.22 | E118: =SUM(E95:E116) -> 1055842.1 | G118: =SUM(G95:G113) -> 225857.74 | H118: =SUM(H95:H115) -> 221072.67 | I118: =SUM(I95:I114) -> 590905.69 | J118: =SUM(J95:J113) -> 16945.65 | K118: =SUM(K95:K113) -> 225857.74
B120: CONCEPTO | D120: PRESUPUESTO | G120: ACUMULADO | I120: %
B121: EJEMPLO:
B122: C.N.A.
B123: LUZ
B124: CLORACIÓN
B127: ELABORÓ: | G127: REVISÓ Y AUTORIZÓ: | J127: REVISÓ:
B130: ENGARGADO DE ADMINISTRACION Y FINANZAS | F130: PRESIDENTE MUNICIPAL | J130: COMISARIO
A131: SISTEMA MUNICIPAL PARA EL DESARROLLO INTEGRAL DE LA FAMILIA DESAN SALVADOR HIDALGO
A132: CUADRO RESUMEN DE LA SITUACIÓN FINANCIERA
A133: ° Nota: anexar papel de trabajo de cómo se integran las cuentas Deudoras y Acreedoras | J133: 45412
C135: CUENTAS DE RESULTADOS | H135: CUENTAS DE BALANCE
A136: FUENTE DE FINANCIAMIENTO | B136: APROBADO / MODIFICADO ANUAL | C136: INGRESOS Y OTROS BENEFICIOS ACUMULADOS | D136: INTERESES GENERADOS ACUMULADOS | E136: GASTOS Y OTRAS PÉRDIDAS ACUMULADOS | F136: % | G136: POR EROGAR (D) | H136: SALDOS EN CAJA Y BANCOS (A) | I136: ° DEUDORAS DE ACTIVO (B) | J136: ° ACREEDORAS DE PASIVO ( C ) | K136: DIFERENCIA A+B-C = D | L136: AVANCE %
L137: FIN.
A138: INGRESOS 2024 | B138: =SUM(B139:B142) -> 0 | C138: =1703797.77-D138 -> 1703793.3 | D138: 4.49 | E138: 1372852.4 | F138: =E138/C138 -> 0.8057623 | G138: =C138+D138-E138 -> 330945.37 | H138: 345798.56 | I138: ='CTAS DEUDORAS Y ACREEDORAS'!E150 -> 4593.25 | J138: ='CTAS DEUDORAS Y ACREEDORAS'!F150 -> 19446.44 | K138: =H138+I138-J138 -> 330945.37 | L138: 1 | M138: =G138-K138 -> 0
A143: INGRESOS 2023 | I143: 33436.3
A144: INGRESOS 2022 | H144: 64.23 | I144: 469881.42 | J144: 21895.3
A145: INGRESOS 2021 | I145: 3137.52
A161: TOTAL | B161: =SUM(B139:B157) -> 0 | C161: =SUM(C139:C160) -> 0 | D161: =SUM(D138:D157) -> 4.49 | E161: =SUM(E138:E159) -> 1372852.4 | G161: =SUM(G138:G156) -> 330945.37 | H161: =SUM(H138:H158) -> 345862.79 | I161: =SUM(I138:I157) -> 511048.49 | J161: =SUM(J138:J156) -> 41341.74 | K161: =SUM(K138:K156) -> 330945.37
B163: CONCEPTO | D163: PRESUPUESTO | G163: ACUMULADO | I163: %
B164: EJEMPLO:
B165: C.N.A.
B166: LUZ
B167: CLORACIÓN
B170: ELABORÓ: | G170: REVISÓ Y AUTORIZÓ: | J170: REVISÓ:
B173: ENGARGADO DE ADMINISTRACION Y FINANZAS | F173: PRESIDENTE MUNICIPAL | J173: COMISARIO
A174: SISTEMA MUNICIPAL PARA EL DESARROLLO INTEGRAL DE LA FAMILIA DESAN SALVADOR HIDALGO
A175: CUADRO RESUMEN DE LA SITUACIÓN FINANCIERA
A176: ° Nota: anexar papel de trabajo de cómo se integran las cuentas Deudoras y Acreedoras | J176: 45443
C178: CUENTAS DE RESULTADOS | H178: CUENTAS DE BALANCE
A179: FUENTE DE FINANCIAMIENTO | B179: APROBADO / MODIFICADO ANUAL | C179: INGRESOS Y OTROS BENEFICIOS ACUMULADOS | D179: INTERESES GENERADOS ACUMULADOS | E179: GASTOS Y OTRAS PÉRDIDAS ACUMULADOS | F179: % | G179: POR EROGAR (D) | H179: SALDOS EN CAJA Y BANCOS (A) | I179: ° DEUDORAS DE ACTIVO (B) | J179: ° ACREEDORAS DE PASIVO ( C ) | K179: DIFERENCIA A+B-C = D | L179: AVANCE %
L180: FIN.
A181: INGRESOS 2024 | B181: =SUM(B182:B185) -> 0 | C181: =1703798.84-D181 -> 1703793.3 | D181: =5.51+0.05 -> 5.56 | E181: 1682886.6 | F181: =E181/C181 -> 0.98772933 | G181: =C181+D181-E181 -> 20912.24 | H181: 27531.612 | I181: ='CTAS DEUDORAS Y ACREEDORAS'!E187 -> 13169.05 | J181: ='CTAS DEUDORAS Y ACREEDORAS'!F187 -> 19788.42 | K181: =H181+I181-J181 -> 20912.242 | L181: 1 | M181: =G181-K181 -> -0.002
A186: INGRESOS 2023 | I186: 33436.3
A187: INGRESOS 2022 | H187: 64.23 | I187: 469881.42 | J187: 21895.3
A188: INGRESOS 2021 | I188: 3137.52
A204: TOTAL | B204: =SUM(B182:B200) -> 0 | C204: =SUM(C182:C203) -> 0 | D204: =SUM(D181:D200) -> 5.56 | E204: =SUM(E181:E202) -> 1682886.6 | G204: =SUM(G181:G199) -> 20912.24 | H204: =SUM(H181:H201) -> 27595.842 | I204: =SUM(I181:I200) -> 519624.29 | J204: =SUM(J181:J199) -> 41683.72 | K204: =SUM(K181:K199) -> 20912.242
B206: CONCEPTO | D206: PRESUPUESTO | G206: ACUMULADO | I206: %
B207: EJEMPLO:
B208: C.N.A.
B209: LUZ
B210: CLORACIÓN
B213: ELABORÓ: | G213: REVISÓ Y AUTORIZÓ: | J213: REVISÓ:
B216: ENGARGADO DE ADMINISTRACION Y FINANZAS | F216: PRESIDENTE MUNICIPAL | J216: COMISARIO
A217: SISTEMA MUNICIPAL PARA EL DESARROLLO INTEGRAL DE LA FAMILIA DESAN SALVADOR HIDALGO
A218: CUADRO RESUMEN DE LA SITUACIÓN FINANCIERA
A219: ° Nota: anexar papel de trabajo de cómo se integran las cuentas Deudoras y Acreedoras | J219: 45473
C221: CUENTAS DE RESULTADOS | H221: CUENTAS DE BALANCE
A222: FUENTE DE FINANCIAMIENTO | B222: APROBADO / MODIFICADO ANUAL | C222: INGRESOS Y OTROS BENEFICIOS ACUMULADOS | D222: INTERESES GENERADOS ACUMULADOS | E222: GASTOS Y OTRAS PÉRDIDAS ACUMULADOS | F222: % | G222: POR EROGAR (D) | H222: SALDOS EN CAJA Y BANCOS (A) | I222: ° DEUDORAS DE ACTIVO (B) | J222: ° ACREEDORAS DE PASIVO ( C ) | K222: DIFERENCIA A+B-C = D | L222: AVANCE %
L223: FIN.
A224: INGRESOS 2024 | B224: =SUM(B225:B228) -> 0 | C224: =2146017.53-D224 -> 2146009.9 | D224: =7.54+0.05 -> 7.59 | E224: 2024989.7 | F224: =E224/C224 -> 0.94360687 | G224: =C224+D224-E224 -> 121027.81 | H224: 125500.61 | I224: ='CTAS DEUDORAS Y ACREEDORAS'!E224 -> 35286.95 | J224: ='CTAS DEUDORAS Y ACREEDORAS'!F224 -> 39759.75 | K224: =H224+I224-J224 -> 121027.81 | L224: 1 | M224: =G224-K224 -> -1.7462298e-10
...

Sheet CTAS DEUDORAS Y ACREEDORAS
A1: ='CUADRO RESUMEN'!A1:L1 -> SISTEMA MUNICIPAL PARA EL DESARROLLO INTEGRAL DE LA FAMILIA DESAN SALVADOR HIDALGO
A2: HOJA DE TRABAJO EN LA QUE SE DESGLOSAN LAS CUENTAS DEUDORAS DE ACTIVO Y ACREEDORAS DE PASIVO
A3: MES DE ENERO DE 2024
A4: FONDO | B4: NUMERO DE CUENTA | C4: DESCRIPCION | D4: FECHA COMPRA | E4: CUENTAS DEUDORAS DE ACTIVO | F4: CUENTAS ACREEDORAS DE PASIVO
A5: REPO
B6: 1112-10 | C6: BANCOS 2023 | E6: -65.55 | G6: I00005
B7: 1123-01-06 | C7: DEUDORES DIVERSOS 2023 | E7: -24500 | G7: I00001
B8: 1123-01-07 | C8: DEUDORES DIVERSOS 2024 | E8: -7500 | G8: I00002
C37: SUMA | E37: =SUM(E6:E36) -> -32065.55 | F37: =SUM(F5:F36) -> 0
A39: =A1 -> SISTEMA MUNICIPAL PARA EL DESARROLLO INTEGRAL DE LA FAMILIA DESAN SALVADOR HIDALGO
A40: HOJA DE TRABAJO EN LA QUE SE DESGLOSAN LAS CUENTAS DEUDORAS DE ACTIVO Y ACREEDORAS DE PASIVO
A41: MES DE FEBRERO DE 2024
A42: FONDO | B42: NUMERO DE CUENTA | C42: DESCRIPCION | D42: FECHA COMPRA | E42: CUENTAS DEUDORAS DE ACTIVO | F42: CUENTAS ACREEDORAS DE PASIVO
A43: REPO
B44: 1112-10 | C44: BANCOS 2023 | E44: -65.55
B45: 1123-01-06 | C45: DEUDORES DIVERSOS 2023 | E45: -24500
B46: 1123-01-07 | C46: DEUDORES DIVERSOS 2024 | E46: -7500
B47: 2117-01-011 | C47: ISR SALARIOS 2024 | F47: 15254.51
C75: SUMA | E75: =SUM(E44:E74) -> -32065.55 | F75: =SUM(F43:F74) -> 15254.51
A77: =A39 -> SISTEMA MUNICIPAL PARA EL DESARROLLO INTEGRAL DE LA FAMILIA DESAN SALVADOR HIDALGO
A78: HOJA DE TRABAJO EN LA QUE SE DESGLOSAN LAS CUENTAS DEUDORAS DE ACTIVO Y ACREEDORAS DE PASIVO
A79: MES DE MARZO DE 2024
A80: FONDO | B80: NUMERO DE CUENTA | C80: DESCRIPCION | D80: FECHA COMPRA | E80: CUENTAS DEUDORAS DE ACTIVO | F80: CUENTAS ACREEDORAS DE PASIVO
A81: REPO
B82: 1112-10 | C82: BANCOS 2023 | E82: -65.55
B83: 1123-01-06 | C83: DEUDORES DIVERSOS 2023 | E83: -24500
B84: 1123-01-07 | C84: DEUDORES DIVERSOS 2024 | E84: 46360.5
B85: 2117-01-011 | C85: ISR SALARIOS 2024 | F85: 16945.65
E86: 0
C113: SUMA | E113: =SUM(E82:E112) -> 21794.95 | F113: =SUM(F81:F112) -> 16945.65
A114: =A77 -> SISTEMA MUNICIPAL PARA EL DESARROLLO INTEGRAL DE LA FAMILIA DESAN SALVADOR HIDALGO
A115: HOJA DE TRABAJO EN LA QUE SE DESGLOSAN LAS CUENTAS DEUDORAS DE ACTIVO Y ACREEDORAS DE PASIVO
A116: MES DE ABRIL DE 2024
A117: FONDO | B117: NUMERO DE CUENTA | C117: DESCRIPCION | D117: FECHA COMPRA | E117: CUENTAS DEUDORAS DE ACTIVO | F117: CUENTAS ACREEDORAS DE PASIVO
A118: REPO
B119: 1112-10 | C119: BANCOS 2023 | E119: -65.55
B120: 1123-01-06 | C120: DEUDORES DIVERSOS 2023 | E120: -24500
B121: 1123-01-07 | C121: DEUDORES DIVERSOS 2024 | E121: 67314.3
B122: 2117-01-011 | C122: ISR SALARIOS 2024 | F122: 19446.44
B123: 1123-01-06-01 | C123: DEUD 2023 TANIA SALAZAR LOPEZ | E123: -38155.5 | G123: I00029,30,31
C150: SUMA | E150: =SUM(E119:E149) -> 4593.25 | F150: =SUM(F118:F149) -> 19446.44
A151: =A114 -> SISTEMA MUNICIPAL PARA EL DESARROLLO INTEGRAL DE LA FAMILIA DESAN SALVADOR HIDALGO
A152: HOJA DE TRABAJO EN LA QUE SE DESGLOSAN LAS CUENTAS DEUDORAS DE ACTIVO Y ACREEDORAS DE PASIVO
A153: MES DE MAYO DE 2024
A154: FONDO | B154: NUMERO DE CUENTA | C154: DESCRIPCION | D154: FECHA COMPRA | E154: CUENTAS DEUDORAS DE ACTIVO | F154: CUENTAS ACREEDORAS DE PASIVO
A155: REPO
B156: 1112-10 | C156: BANCOS 2023 | E156: -65.55
B157: 1123-01-06 | C157: DEUDORES DIVERSOS 2023 | E157: -24500
B158: 1123-01-07 | C158: DEUDORES DIVERSOS 2024 | E158: 88268.1
B159: 2117-01-011 | C159: ISR SALARIOS 2024 | F159: 19788.42
B160: 1123-01-06-01 | C160: DEUD 2023 TANIA SALAZAR LOPEZ | E160: -38155.5
B161: 1123-01-06-01 | C161: DEUD 2023 TANIA SALAZAR LOPEZ | E161: -12378
C187: SUMA | E187: =SUM(E156:E186) -> 13169.05 | F187: =SUM(F155:F186) -> 19788.42
A188: =A151 -> SISTEMA MUNICIPAL PARA EL DESARROLLO INTEGRAL DE LA FAMILIA DESAN SALVADOR HIDALGO
A189: HOJA DE TRABAJO EN LA QUE SE DESGLOSAN LAS CUENTAS DEUDORAS DE ACTIVO Y ACREEDORAS DE PASIVO
A190: MES DE JUNIO DE 2024
A191: FONDO | B191: NUMERO DE CUENTA | C191: DESCRIPCION | D191: FECHA COMPRA | E191: CUENTAS DEUDORAS DE ACTIVO | F191: CUENTAS ACREEDORAS DE PASIVO
A192: REPO
B193: 1112-10 | C193: BANCOS 2023 | E193: -65.55
B194: 1123-01-06 | C194: DEUDORES DIVERSOS 2023 | E194: -24500
B195: 1123-01-07 | C195: DEUDORES DIVERSOS 2024 | E195: 110386
B196: 2117-01-011 | C196: ISR SALARIOS 2024 | F196: 39759.75
B197: 1123-01-06-01 | C197: DEUD 2023 TANIA SALAZAR LOPEZ | E197: -38155.5
B198: 1123-01-06-01 | C198: DEUD 2023 TANIA SALAZAR LOPEZ | E198: -12378
C224: SUMA | E224: =SUM(E193:E223) -> 35286.95 | F224: =SUM(F192:F223) -> 39759.75
A225: =A188 -> SISTEMA MUNICIPAL PARA EL DESARROLLO INTEGRAL DE LA FAMILIA DESAN SALVADOR HIDALGO
A226: HOJA DE TRABAJO EN LA QUE SE DESGLOSAN LAS CUENTAS DEUDORAS DE ACTIVO Y ACREEDORAS DE PASIVO
A227: MES DE JULIO DE 2024
A228: FONDO | B228: NUMERO DE CUENTA | C228: DESCRIPCION | D228: FECHA COMPRA | E228: CUENTAS DEUDORAS DE ACTIVO | F228: CUENTAS ACREEDORAS DE PASIVO
A229: REPO
B230: 1112-10 | C230: BANCOS 2023 | E230: -65.55
B231: 1123-01-06 | C231: DEUDORES DIVERSOS 2023 | E231: -24500
B232: 1123-01-07 | C232: DEUDORES DIVERSOS 2024 | E232: 101562.9
B233: 2117-01-011 | C233: ISR SALARIOS 2024 | F233: 13488.45
B234: 1123-01-06-01 | C234: DEUD 2023 TANIA SALAZAR LOPEZ | E234: -38155.5
B235: 1123-01-06-01 | C235: DEUD 2023 TANIA SALAZAR LOPEZ | E235: -12378
B236: 2112-1-395001 | C236: PENAS MULTAS ACCESORIOS Y ACT | E236: 589
B237: 2115-441001 | C237: AYUDAS SOCIALES | F237: 500
C261: SUMA | E261: =SUM(E230:E260) -> 27052.85 | F261: =SUM(F229:F260) -> 13988.45
A262: =A225 -> SISTEMA MUNICIPAL PARA EL DESARROLLO INTEGRAL DE LA FAMILIA DESAN SALVADOR HIDALGO
A263: HOJA DE TRABAJO EN LA QUE SE DESGLOSAN LAS CUENTAS DEUDORAS DE ACTIVO Y ACREEDORAS DE PASIVO
A264: MES DE AGOSTO DE 2024
A265: FONDO | B265: NUMERO DE CUENTA | C265: DESCRIPCION | D265: FECHA COMPRA | E265: CUENTAS DEUDORAS DE ACTIVO | F265: CUENTAS ACREEDORAS DE PASIVO
A266: REPO
B267: 1112-10 | C267: BANCOS 2023 | E267: -65.55
B268: 1123-01-06 | C268: DEUDORES DIVERSOS 2023 | E268: -24500
B269: 1123-01-07 | C269: DEUDORES DIVERSOS 2024 | E269: 62582.9
B270: 2117-01-011 | C270: ISR SALARIOS 2024 | F270: 12114.93
B271: 1123-01-06-01 | C271: DEUD 2023 TANIA SALAZAR LOPEZ | E271: -38155.5
B272: 1123-01-06-01 | C272: DEUD 2023 TANIA SALAZAR LOPEZ | E272: -12378
B273: 2112-1-395001 | C273: PENAS MULTAS ACCESORIOS Y ACT | E273: 589
B274: 2115-441001 | C274: AYUDAS SOCIALES | F274: 500
C298: SUMA | E298: =SUM(E267:E297) -> -11927.15 | F298: =SUM(F266:F297) -> 12614.93
A299: =A262 -> SISTEMA MUNICIPAL PARA EL DESARROLLO INTEGRAL DE LA FAMILIA DESAN SALVADOR HIDALGO
A300: HOJA DE TRABAJO EN LA QUE SE DESGLOSAN LAS CUENTAS DEUDORAS DE ACTIVO Y ACREEDORAS DE PASIVO
A301: MES DE SEPTIEMBRE DE 2024
A302: FONDO | B302: NUMERO DE CUENTA | C302: DESCRIPCION | D302: FECHA COMPRA | E302: CUENTAS DEUDORAS DE ACTIVO | F302: CUENTAS ACREEDORAS DE PASIVO
A303: REPO
B304: 1112-10 | C304: BANCOS 2023 | E304: -65.55 | J304: =E304 -> -65.55
B305: 1123-01-06 | C305: DEUDORES DIVERSOS 2023 | E305: =-24500 -> -24500 | J305: =E305 -> -24500
...
